 Dungeon Crawl Stone Soup version 0.27-a0-1378-gdefffd1ff6 (webtiles) character file.

Game seed: 17016010506379230501

13006 ABBCCCDDDD the Nimble (level 12, -12/79 HPs)
             Began as a Djinni Ice Elementalist on June 29, 2021.
             Was a Priest of Hepliaklqana.
             Mangled by a salamander (17 damage)
             ... in a volcano.
             The game lasted 01:05:46 (21391 turns).

ABBCCCDDDD the Nimble (Djinni Ice Elementalist)    Turns: 21391, Time: 01:05:46

Health: -12/79     AC:  9    Str: 11    XL:     12   Next: 27%
Gold:   612        EV: 17    Int: 25    God:    Hepliaklqana [***...] SH:  0 Dex: 16

rFire    + + +     SeeInvis .   N - +2 dagger (elec)
rCold    x . .     Faith    .   (no shield)
rNeg     . . .     Spirit   .   a - +0 robe
rPois    ∞         Reflect  .   K - +3 helmet of the Lute {rElec Will+}
rElec    +         Harm     .   z - +0 cloak
rCorr    .         Rampage  .   d - +1 pair of gloves {Str+3}
Will     ++...                  (boots unavailable)
Stlth    ++........             (no amulet)
HPRegen  0.23/turn              g - ring of protection from fire
MPRegen  0.00/turn              q - +6 ring of intelligence

@: freezing walls, flying, invisible
A: reduced essence, sickness immunity, fire resistance 2, cold vulnerability 1,
float, innate caster, hp casting, extra vitality 1
a: Renounce Religion, Recall Ancestor, Ancestor Identity, Transference


You were in a volcano.
You worshipped Hepliaklqana.
Hepliaklqana was most pleased with you.
You visited 3 branches of the dungeon, and saw 13 of its levels.
You also visited: Volcano.

You collected 612 gold pieces.

Inventory:

Hand Weapons
 N - a +2 dagger of electrocution (weapon)
 P - a +2 dagger of venom
 Q - a +5 great sword of freezing
 T - a +5 dire flail of freezing
Missiles
 j - 423 stones (quivered)
 A - 54 poisoned darts
 O - 2 curare-tipped darts
 S - 2 throwing nets
Armour
 a - a +0 robe (worn)
 d - a +1 pair of gloves of strength (worn)
 z - a +0 cloak (worn)
 E - +0 acid dragon scales
 H - a +0 kite shield
 J - the +0 hat "Wirakat" {rF++ Str+2 Dex+8 Stlth-}
   (You acquired it on level 7 of the Dungeon)

   Str:       It affects your strength (+2).
   Dex:       It affects your dexterity (+8).
   rF:        It greatly protects you from fire.
   Stlth:     It makes you less stealthy.
 K - the +3 helmet of the Lute (worn) {rElec Will+}
   (You acquired it on level 7 of the Dungeon)

   rElec:     It insulates you from electricity.
   Will:      It increases your willpower.
Jewellery
 g - a ring of protection from fire (left hand)
 h - a ring of see invisible
 q - a +6 ring of intelligence (right hand)
 C - a ring of protection from cold
 M - a ring of ice
 U - a +6 ring of dexterity
Wands
 b - a wand of polymorph (2)
 i - a wand of acid (19)
 m - a wand of mindburst (10)
 o - a wand of flame (21)
 u - a wand of iceblast (18)
Scrolls
 f - 2 scrolls of immolation
 k - 4 scrolls of enchant armour
 r - a scroll of fog
 w - 4 scrolls of enchant weapon
 x - a scroll of holy word
 y - a scroll of torment {unknown}
 B - 4 scrolls of teleportation
 D - 2 scrolls of summoning {unknown}
 F - a scroll of silence {unknown}
 G - a scroll of vulnerability {unknown}
 V - a scroll of magic mapping {unknown}
Potions
 c - 2 potions of curing
 e - 6 potions of attraction
 l - 8 potions of lignification
 s - a potion of invisibility
 t - 5 potions of might {unknown}
 v - 4 potions of heal wounds {unknown}
 I - 2 potions of brilliance {unknown}
 L - a potion of cancellation
 R - 2 potions of mutation {unknown}


   Skills:
 + Level 8.5 Fighting
 + Level 9.7 Dodging
 - Level 1.5 Stealth
 * Level 9.6 Spellcasting
 + Level 8.9 Evocations


You had one spell level left.
You knew the following spells:

 Your Spells              Type           Power      Damage    Failure   Level
a - Freeze                Ice            100%       1d11      1%          1
b - Frozen Ramparts       Ice            100%       1d12      1%          3
c - Ozocubu's Armour      Ice            56%        N/A       1%          3
d - Hailstorm             Conj/Ice       56%        3d12      1%          4
e - Metabolic Englaciati  Hex/Ice        28%        N/A       2%          5
f - Shock                 Conj/Air       100%       1d9       1%          1
g - Searing Ray           Conj           100%       3d7       1%          2
h - Spider Form           Tmut/Pois      28%        N/A       1%          3
i - Gell's Gravitas       Tloc           28%        N/A       1%          3
j - Petrify               Tmut/Erth      56%        N/A       1%          4
Your spell library was empty.

Dungeon Overview and Level Annotations

Branches:
Dungeon (10/15)            Temple (1/1) D:6            Lair (2/6) D:10
    Orc (0/2) D:9         Volcano (1/1)
  Swamp: Lair:2-4    Shoals: Lair:2-4     Snake: Lair:2-4    Spider: Lair:2-4

Altars:
Ashenzari
Cheibriados
Dithmenos
Elyvilon
Fedhas
Gozag
Hepliaklqana
Kikubaaqudgha
Makhleb
Nemelex Xobeh
Okawaru
Qazlal
Ru
Sif Muna
Trog
Uskayaw
Vehumet
Wu Jian
Xom
Yredelemnul
Zin
The Shining One

Shops:
D:3 (   D:9 *

Annotations:
D:2 Sigmund


Innate Abilities, Weirdness & Mutations

Your life essence is reduced to manifest your ancestor. (-10% HP)
You are immune to sickness and miasma.
You are immune to poison.
Your flesh is very heat resistant. (rF++)
You are vulnerable to cold. (rC-)
You float through the air rather than walking.
You learn spells naturally, not from books.
Your magical power is your life essence.
You have superior vitality. (+4 HP)


Message History

Your icy armour melts away.
You resist.
* * * LOW HITPOINT WARNING * * *
Okay, then.
Okay, then.
Unknown command.
Press: ? - help, v - describe, . - travel
Here: a salamander, wielding a +4 trident of venom (moderately wounded)
The floor.
Unknown command.
Okay, then.
Unknown command.
Okay, then.
Unknown command.
Okay, then.
Unknown command.
Okay, then.
Okay, then.
Okay, then.
Okay, then.
Aiming: Polymorph
Press: ? - help, Shift-Dir - straight line, f - salamander
Aim: a salamander, wielding a +4 trident of venom (moderately wounded, will become a wind drake, a meliai, or a killer bee, chance to affect: 53%)
Okay, then.
Unknown command.
Aiming: Mindburst
Press: ? - help, Shift-Dir - straight line, f - salamander
Aim: a salamander, wielding a +4 trident of venom (moderately wounded, chance to affect: 78%)
Okay, then.
Unknown command.
Okay, then.
Unknown command.
Casting: Frozen Ramparts (safe; 1% risk of failure)
Confirm with . or Enter, or press ? or * to list all spells.
Okay, then.
Unknown command.
You fade into invisibility!
The salamander is frozen!
The wall freezes the salamander.
The salamander hits you with a +4 trident of venom!
You die...

#..# #..#
#..########
####..##8..8.##
#8...8.+.....8#
#......+......#
#...⌠..#...∩.∩#
#...().'......#
#8..@8.'.....8#
####.N##8..8.##
#..########
#..# #..# #..#
#..# #..# #..#


You could see a salamander.

Vanquished Creatures
  2 two-headed ogres
  A cyclops (Volcano)
  A salamander (Volcano)
  A komodo dragon (Lair:1)
  A polar bear (Lair:1)
  2 trolls (D:9)
  2 hornets
  11 yaks
  A vampire (D:10)
  A basilisk (Lair:1)
  A wyvern (D:8)
  A steam dragon (D:9)
  5 vampire mosquitoes
  Edmund (D:6)
  An acid dragon (D:7)
  A water moccasin (Lair:1)
  Duvessa (D:5)
  4 orc warriors
  4 ogres
  2 black bears
  A necrophage (D:7)
  7 centaurs
  5 kobold brigands
  The ghost of smalleywall the Firebug, an amateur TeFE (D:3)
  2 gnoll sergeants
  3 bullfrogs
  A scorpion (D:6)
  A water moccasin zombie (D:5)
  8 killer bees
  Dowan (D:5)
  11 wights
  A howler monkey (D:6)
  3 bullfrog zombies
  2 quasits (D:3)
  3 hounds
  4 centaur zombies
  A centaur skeleton (D:4)
  Crazy Yiuf (D:3)
  2 orc priests (D:5)
  A bullfrog skeleton (D:4)
  Jessica (D:2)
  Ijyb (D:3)
  3 iguanas
  6 orc wizards
  Natasha (D:2)
  3 hound zombies
  2 hound skeletons
  A howler monkey zombie (D:4)
  10 gnolls
  7 adders
  2 shadow imps
  A white imp (D:5)
  3 adder skeletons (D:4)
  An adder zombie (D:4)
  3 worms
  The ghost of Brandom the Sneak, a weakling DsDe (D:4)
  A dart slug (D:2)
  27 orcs
  6 bats
  13 endoplasms
  A giant cockroach (D:1)
  8 goblins
  10 hobgoblins
  7 jackals
  6 quokkas
  5 ball pythons
  6 frilled lizards
  A jackal zombie (D:4)
  14 kobolds
  8 rats
262 creatures vanquished.

Vanquished Creatures (collateral kills)
  An elephant (D:10)
  A polar bear (Lair:1)
  A wyvern (D:9)
  3 yaks
  2 basilisks
  A water moccasin (Lair:1)
  2 orc warriors (D:9)
  A centaur (D:9)
  2 gnoll sergeants
  A killer bee (D:9)
  A centaur zombie (D:10)
  A quasit (D:3)
  A gnoll shaman (D:9)
  2 gnolls (D:9)
20 creatures vanquished.

Vanquished Creatures (others)
  5 ancestors (D:9)
  4 hexers
  2 fungi
  A plant (Lair:1)
12 creatures vanquished.

Grand Total: 294 creatures vanquished

Notes
Turn   | Place    | Note
-------+----------+-------------------------------------------
     0 | D:1      | ABBCCCDDDD the Djinni Ice Elementalist began the quest for
                  | the Orb.
     0 | D:1      | Reached XP level 1. HP: 15/15 MP: 0/0
   477 | D:1      | Reached XP level 2. HP: 17/22 MP: 0/0
   639 | D:1      | Reached skill level 1 in Fighting
   878 | D:1      | Reached XP level 3. HP: 26/27 MP: 0/0
   878 | D:1      | Learned a level 1 spell: Shock
  1399 | D:1      | Found a faded altar of an unknown god.
  1600 | D:2      | Noticed Natasha
  2074 | D:2      | Noticed Jessica
  2081 | D:2      | Killed Jessica
  2082 | D:2      | Reached XP level 4. HP: 29/33 MP: 0/0
  2328 | D:2      | Killed Natasha
  2329 | D:2      | Reached XP level 5. HP: 30/38 MP: 0/0
  2329 | D:2      | Learned a level 2 spell: Searing Ray
  2716 | D:2      | Noticed Sigmund
  3141 | D:3      | Found a transporter.
  3334 | D:3      | Found Coinesi's Antique Weapon Shoppe.
  3787 | D:3      | Reached XP level 6. HP: 38/45 MP: 0/0
  4026 | D:3      | Noticed Ijyb
  4034 | D:3      | Killed Ijyb
  4266 | D:3      | Found a bloodstained altar of Trog.
  4291 | D:3      | Noticed smalleywall's ghost (amateur TeFE)
  4389 | D:3      | Found a transporter.
  4496 | D:3      | Found a blossoming altar of Fedhas.
  4632 | D:3      | Found a runed translucent door.
  4633 | D:3      | Noticed Crazy Yiuf
  4641 | D:3      | Killed Crazy Yiuf
  5493 | D:4      | Found a runed translucent gate.
  5493 | D:4      | Found a runed translucent gate.
  5493 | D:4      | Found an opulent altar of Gozag.
  5493 | D:4      | Found a runed translucent gate.
  5493 | D:4      | Noticed an orc warrior
  5495 | D:4      | Noticed Brandom's ghost (weakling DsDe)
  5649 | D:4      | Reached XP level 7. HP: 37/50 MP: 0/0
  5649 | D:4      | Learned a level 3 spell: Spider Form
  5752 | D:4      | Reached skill level 1 in Evocations
  6877 | D:5      | Entered Level 5 of the Dungeon
  7173 | D:5      | Found a basalt altar of Yredelemnul.
  7173 | D:5      | Found a burning altar of Makhleb.
  7260 | D:5      | Reached skill level 5 in Dodging
  7758 | D:5      | Found a shimmering altar of Xom.
  7792 | D:5      | Reached XP level 8. HP: 54/58 MP: 0/0
  8052 | D:5      | Noticed Dowan
  8052 | D:5      | Noticed Duvessa
  8150 | D:5      | Killed Dowan
  8151 | D:5      | Reached skill level 5 in Spellcasting
  8168 | D:5      | Killed Duvessa
  9076 | D:6      | Noticed a two-headed ogre
  9387 | D:6      | Noticed Edmund
  9394 | D:6      | Killed Edmund
  9709 | D:6      | You are sucked into a shaft and drop 1 floor!
  9832 | D:6      | Found a staircase to the Ecumenical Temple.
  9902 | D:6      | Killed a two-headed ogre
  9903 | D:6      | Reached skill level 5 in Fighting
  9903 | D:6      | Reached skill level 5 in Evocations
  9903 | D:6      | Reached XP level 9. HP: 24/65 MP: 0/0
  9903 | D:6      | Learned a level 3 spell: Gell's Gravitas
 10349 | Temple   | Entered the Ecumenical Temple
 10423 | Temple   | Became a worshipper of Hepliaklqana the Forgotten
 12146 | D:6      | Reached XP level 10. HP: 22/72 MP: 0/0
 12574 | D:7      | Identified 3 scrolls of acquirement
 12575 | D:7      | Acquired the +0 hat "Wirakat" {rF++ Str+2 Dex+8 Stlth-}
 12587 | D:7      | Acquired the +3 helmet of the Lute {rElec Will+}
 12599 | D:7      | Acquired a +1 pair of gloves of strength
 13785 | D:8      | Reached * piety under Hepliaklqana
 15142 | D:9      | Found a staircase to the Orcish Mines.
 16065 | D:8      | Reached XP level 11. HP: 58/71 MP: 0/0
 16065 | D:8      | Learned a level 4 spell: Petrify
 17170 | D:9      | Found Letog's Neck Hole.
 17662 | D:9      | Reached ** piety under Hepliaklqana
 17663 | D:9      | Remembered your ancestor Zarja as a hexer
 18519 | D:4      | Killed Brandom's ghost
 18787 | D:3      | Killed smalleywall's ghost
 18973 | D:10     | Entered Level 10 of the Dungeon
 19094 | D:10     | Noticed a two-headed ogre
 19103 | D:10     | Killed a two-headed ogre
 19357 | D:10     | Noticed an elephant
 19384 | D:10     | Killed an elephant
 19487 | D:10     | Found a staircase to the Lair.
 19750 | D:10     | Found a glowing golden altar of the Shining One.
 19750 | D:10     | Found a sparkling altar of Nemelex Xobeh.
 19933 | Lair:1   | Entered Level 1 of the Lair of Beasts
 20485 | Lair:1   | Reached XP level 12. HP: 70/78 MP: 0/0
 21223 | Lair:2   | Reached *** piety under Hepliaklqana
 21238 | Lair:2   | Found a dark tunnel.
 21247 | Volcano  | Entered a volcano
 21391 | Volcano  | Mangled by a salamander

Illustrated notes

Levels and vault maps discovered:
D:1:      dpeg_arrival_simpleton_b, layout_basic, basic_ecumenical_altar,
          chequers_decorated_corner
D:2:      layout_loops_corners, minmay_misc_feat_alley,
          kennysheep_generic_room_16, uniq_natasha, uniq_jessica, uniq_sigmund
D:3:      minmay_spotlight, layout_loops_ring, lemuel_coloured_pillars_altar,
          fedhas_altar_1, serial_shops, shop, gammafunk_ghost_stat_death,
          minmay_misc_feat_plants, minmay_puff, uniq_crazy_yiuf_cottage,
          uniq_ijyb
D:4:      layout_basic, serial_undead, serial_undead_e, serial_undead_e,
          serial_undead_c, serial_undead_d, ebering_ghost_gozag
D:5:      layout_basic, chequers_temple_overflow_statue_of_worship,
          kennysheep_mini, uniq_duvessa
D:6:      layout_loops_ring, minmay_temple_entry_statues,
          kennysheep_generic_room_3, uniq_edmund
D:7:      layout_rooms
D:8:      layout_layer_cave
D:9:      layout_loops_corners, kennysheep_orc_monster_closet_entryway,
          chequers_serial_rivers_large_b, minmay_splitting_lines,
          kennysheep_flooded_box, grunt_ministairs_10, minmay_statues_item,
          nicolae_shop_sticking_my_neck_out
D:10:     layout_roguey, gammafunk_temple_overflow_statue, david_lair_generic
Temple:   jpeg_temple_clearing
Lair:1:   layout_concentric_octagons, st_stairs_4
Lair:2:   gammafunk_boulding_lane, layout_regular_city,
          spider_nest_entry_rubble, nicolae_volcano_entry_hallway,
          infiniplex_staircase_pool_2
Volcano:  hellmonk_zot_springs

Skill      XL: |  1  2  3  4  5  6  7  8  9 10 11 |
---------------+----------------------------------+-----
Fighting       | 1 2 3 4 5 7 8 |  8.5
Dodging        | 3 4 5 6 7 8 9 |  9.7
Spellcasting   | 4 6 7 9 |  9.6
Evocations     | 2 5 6 7 8 |  8.9
Stealth        | |  1.5

Action                   |  1- 3 |  4- 6 |  7- 9 | 10-12 || total
-------------------------+-------+-------+-------+-------++-------
Melee: Short sword       |     5 |    20 |     1 |       ||    26
       Dagger            |       |       |       |     1 ||     1
Throw: Stone             |       |     1 |       |     1 ||     2
 Cast: Freeze            |    60 |   115 |    45 |   103 ||   323
       Shock             |       |    29 |   162 |   304 ||   495
       Ozocubu's Armour  |       |    12 |    13 |    22 ||    47
       Frozen Ramparts   |       |       |     5 |    24 ||    29
       Spider Form       |       |       |     1 |       ||     1
       Hailstorm         |       |       |     3 |       ||     3
       Gell's Gravitas   |       |       |       |     4 ||     4
       Searing Ray       |       |       |       |     4 ||     4
       Metabolic Englaci |       |       |       |     3 ||     3
Invok: Recall Ancestor   |       |       |       |     1 ||     1
       Ancestor Life: He |       |       |       |     1 ||     1
 Abil: End Transformatio |       |       |     1 |       ||     1
Evoke: Wand              |       |       |       |     1 ||     1
  Use: Scroll            |       |     7 |       |    12 ||    19
       Potion            |       |       |       |     2 ||     2
 Stab: Sleeping          |     4 |     5 |       |     1 ||    10
Armor: Robe              |     4 |    26 |    35 |    73 ||   138
Dodge: Dodged            |    28 |    83 |    98 |   189 ||   398

Table legend: (Time is in decaauts)
 A = Elapsed time spent in this place.
 B = Non-inter-level travel time spent in this place.
 C = Inter-level travel time spent in this place.
 D = Time resting spent in this place.
 E = Time spent auto-exploring this place.
 F = Levels seen in this place.
 G = Mean time per level.
                   A        B        C        D        E       F      G
               +--------+--------+--------+--------+--------+-----+--------+
         Total |  21426 |  19897 |   1529 |   7705 |   9250 |  14 | 1530.4 |
       Dungeon |  19877 |  18401 |   1476 |   7340 |   8373 |  10 | 1987.7 |
        Temple |     91 |     75 |     16 |      0 |     68 |   1 |   91.0 |
          Lair |   1312 |   1275 |     37 |    270 |    809 |   2 |  656.0 |
       Volcano |    143 |    143 |      0 |     95 |      0 |   1 |  143.0 |
               +--------+--------+--------+--------+--------+-----+--------+

Top non-repeatable levels by time:
     D:8: 3097 daAuts
     D:6: 2978 daAuts
     D:4: 2749 daAuts
     D:9: 2144 daAuts
     D:5: 2116 daAuts
     D:3: 1868 daAuts
     D:1: 1612 daAuts
     D:2: 1523 daAuts
  Lair:1: 1269 daAuts
    D:10: 959 daAuts
     D:7: 827 daAuts
 Volcano: 143 daAuts
  Temple: 91 daAuts
  Lair:2: 42 daAuts
